[ AOE2 MATCH · #495371106 ]
UnrankedBengalis vs Vietnamese
Player's team · LOSS
[ REPLAY ANALYSIS · EXTRACTED FROM THE RECORDED GAME ]
Feudal
11:20
Castle
15:57
Imperial
47:40
| APM avg | 36.4 |
| APM peak | 112 |
| eAPM avg | 19.0 |
| Villagers / military | 98 / 146 |
Focus
⚔️ 33.8% · 🌾 66.2%
Ratha (Ranged) ×81 · Spearman ×24 · Scorpion ×21 · Monk ×7 · Trebuchet (Packed) ×7 · Armored Elephant ×4
Feudal
10:26
Castle
30:12
Imperial
50:32
| APM avg | 69.5 |
| APM peak | 136 |
| eAPM avg | 31.6 |
| Villagers / military | 129 / 239 |
Focus
⚔️ 64.8% · 🌾 35.2%
Skirmisher ×101 · Scout Cavalry ×75 · Cavalry Archer ×36 · Battle Elephant ×8 · Fire Lancer ×5 · Monk ×3
Match map
Initial resources + every placement click. Lines = walls · curves = elevation contours. ◆ gold · ⬟ stone · ● berries · ✦ relic · ◌ wall gap
Your base· Open — 7t gap
erikolu's base· Open — unwalled flank
Smoothed initial terrain · ◌ = detected wall gap · hover for details
Inputs per minute
— gummi [Coleman] - - erikolu
Build order — gummi [Coleman]
First 150 of 349 actions detected
| 0:01 | Queue | Villager (Male) |
| 0:01 | Queue | Villager (Male) |
| 0:01 | Queue | Villager (Male) |
| 0:02 | Build | House |
| 0:04 | Build | House |
| 1:09 | Queue | Villager (Male) |
| 1:34 | Queue | Villager (Male) |
| 1:59 | Queue | Villager (Male) |
| 2:26 | Queue | Villager (Male) |
| 2:30 | Build | Lumber Camp |
| 2:38 | Queue | Villager (Male) |
| 3:14 | Build | House |
| 3:16 | Build | House |
| 3:22 | Queue | Villager (Male) |
| 3:33 | Queue | Villager (Male) |
| 3:41 | Queue | Villager (Male) |
| 4:12 | Build | Palisade Wall |
| 4:18 | Build | Palisade Wall |
| 4:20 | Build | Palisade Wall |
| 4:22 | Build | Palisade Wall |
| 4:32 | Queue | Villager (Male) |
| 4:48 | Queue | Villager (Male) |
| 5:02 | Queue | Villager (Male) |
| 5:23 | Build | Mill |
| 5:33 | Build | Palisade Wall |
| 5:39 | Build | Palisade Wall |
| 5:45 | Build | Palisade Wall |
| 5:48 | Queue | Villager (Male) |
| 6:07 | Queue | Villager (Male) |
| 6:11 | Build | Palisade Wall |
| 6:43 | Queue | Villager (Male) |
| 6:58 | Build | Mill |
| 7:17 | Queue | Villager (Male) |
| 7:44 | Queue | Villager (Male) |
| 7:47 | Build | Mining Camp |
| 7:54 | Research | Loom |
| 8:14 | Queue | Villager (Male) |
| 8:31 | Queue | Villager (Male) |
| 9:08 | Research | Feudal Age |
| 9:21 | Build | Farm |
| 9:28 | Build | Farm |
| 10:51 | Build | House |
| 11:02 | Build | Palisade Wall |
| 11:20 | Age | Feudal Age |
| 11:24 | Build | Market |
| 11:30 | Build | Blacksmith |
| 12:02 | Build | Watch Tower |
| 13:17 | Research | Castle Age |
| 13:35 | Research | Double-Bit Axe |
| 13:39 | Build | House |
| 14:32 | Build | Watch Tower |
| 15:02 | Build | Watch Tower |
| 15:28 | Queue | Villager (Male) |
| 15:28 | Queue | Villager (Male) |
| 15:32 | Build | House |
| 15:34 | Build | House |
| 15:57 | Age | Castle Age |
| 15:58 | Queue | Villager (Male) |
| 16:01 | Build | Monastery |
| 16:27 | Build | Palisade Wall |
| 16:33 | Build | Palisade Wall |
| 16:46 | Build | Barracks |
| 16:49 | Build | Farm |
| 16:54 | Build | Farm |
| 17:00 | Queue | Villager (Male) |
| 17:16 | Build | Farm |
| 17:22 | Build | Farm |
| 17:33 | Queue | Spearman |
| 17:33 | Queue | Spearman |
| 17:33 | Queue | Spearman |
| 17:42 | Queue | Villager (Male) |
| 18:11 | Queue | Villager (Male) |
| 18:31 | Build | House |
| 18:32 | Build | House |
| 18:36 | Queue | Villager (Male) |
| 18:43 | Build | Farm |
| 18:45 | Build | Farm |
| 18:54 | Queue | Spearman |
| 19:11 | Queue | Spearman |
| 19:36 | Queue | Spearman |
| 19:39 | Build | Farm |
| 19:48 | Queue | Spearman |
| 19:53 | Queue | Spearman |
| 20:18 | Queue | Villager (Male) |
| 20:32 | Build | Watch Tower |
| 20:40 | Queue | Spearman |
| 20:58 | Build | Siege Workshop |
| 20:59 | Queue | Villager (Male) |
| 21:03 | Queue | Villager (Male) |
| 21:15 | Queue | Villager (Male) |
| 21:33 | Queue | Scorpion |
| 21:59 | Queue | Spearman |
| 22:02 | Queue | Villager (Male) |
| 22:12 | Queue | Villager (Male) |
| 22:46 | Queue | Spearman |
| 22:47 | Queue | Spearman |
| 22:47 | Queue | Villager (Male) |
| 22:59 | Queue | Scorpion |
| 23:09 | Queue | Villager (Male) |
| 23:13 | Queue | Scorpion |
| 23:18 | Research | Pikeman (upgrade) |
| 23:22 | Queue | Scorpion |
| 23:36 | Queue | Villager (Male) |
| 24:03 | Queue | Spearman |
| 24:10 | Queue | Spearman |
| 24:15 | Queue | Spearman |
| 24:18 | Queue | Scorpion |
| 24:21 | Build | House |
| 24:34 | Queue | Spearman |
| 24:44 | Build | House |
| 25:00 | Queue | Villager (Male) |
| 25:07 | Queue | Villager (Male) |
| 25:14 | Research | Horse Collar |
| 25:40 | Queue | Scorpion |
| 25:55 | Queue | Scorpion |
| 25:56 | Queue | Villager (Male) |
| 26:06 | Queue | Villager (Male) |
| 26:09 | Queue | Spearman |
| 26:10 | Queue | Villager (Male) |
| 26:40 | Build | Monastery |
| 27:18 | Queue | Monk |
| 27:32 | Build | House |
| 27:52 | Build | Siege Workshop |
| 27:53 | Queue | Villager (Male) |
| 28:16 | Queue | Villager (Male) |
| 28:19 | Research | Wheelbarrow |
| 28:39 | Queue | Spearman |
| 28:41 | Queue | Scorpion |
| 28:59 | Queue | Villager (Male) |
| 29:19 | Build | Town Center |
| 29:21 | Queue | Villager (Male) |
| 29:25 | Build | House |
| 29:29 | Queue | Villager (Male) |
| 29:32 | Queue | Spearman |
| 29:32 | Queue | Spearman |
| 29:42 | Queue | Monk |
| 29:47 | Research | Scale Mail Armor |
| 29:57 | Build | House |
| 29:59 | Queue | Mangonel |
| 30:31 | Queue | Villager (Male) |
| 30:38 | Queue | Spearman |
| 30:38 | Queue | Spearman |
| 30:39 | Queue | Villager (Male) |
| 31:01 | Queue | Villager (Male) |
| 31:07 | Queue | Spearman |
| 31:08 | Queue | Spearman |
| 31:49 | Queue | Monk |
| 31:53 | Queue | Villager (Male) |
| 31:55 | Build | House |
| 31:56 | Build | House |
Build order — erikolu
First 150 of 617 actions detected
| 0:00 | Queue | Villager (Male) |
| 0:01 | Queue | Villager (Male) |
| 0:01 | Build | House |
| 0:02 | Build | House |
| 0:07 | Queue | Villager (Male) |
| 0:13 | Queue | Villager (Male) |
| 1:23 | Queue | Villager (Male) |
| 1:43 | Queue | Villager (Male) |
| 1:43 | Queue | Villager (Male) |
| 1:44 | Build | Lumber Camp |
| 2:11 | Queue | Villager (Male) |
| 2:52 | Queue | Villager (Male) |
| 3:13 | Queue | Villager (Male) |
| 3:44 | Queue | Villager (Male) |
| 3:44 | Queue | Villager (Male) |
| 3:55 | Build | House |
| 4:06 | Queue | Villager (Male) |
| 4:24 | Queue | Villager (Male) |
| 4:34 | Build | Barracks |
| 4:37 | Build | Palisade Wall |
| 4:54 | Build | House |
| 5:02 | Queue | Villager (Male) |
| 5:04 | Queue | Villager (Male) |
| 5:23 | Queue | Villager (Male) |
| 5:26 | Queue | Militia |
| 5:32 | Queue | Militia |
| 5:39 | Queue | Villager (Male) |
| 6:06 | Build | Mill |
| 6:09 | Queue | Villager (Male) |
| 6:18 | Queue | Villager (Male) |
| 6:43 | Queue | Villager (Male) |
| 7:28 | Build | House |
| 7:30 | Research | Loom |
| 8:16 | Research | Feudal Age |
| 8:36 | Build | Mining Camp |
| 8:55 | Build | Mill |
| 9:32 | Queue | Villager (Male) |
| 10:22 | Queue | Villager (Male) |
| 10:26 | Age | Feudal Age |
| 10:46 | Queue | Villager (Male) |
| 10:49 | Build | Archery Range |
| 10:59 | Queue | Villager (Male) |
| 11:12 | Research | Double-Bit Axe |
| 11:14 | Queue | Villager (Male) |
| 11:52 | Queue | Villager (Male) |
| 11:54 | Build | Watch Tower |
| 11:56 | Build | House |
| 11:58 | Build | House |
| 12:03 | Build | Palisade Wall |
| 12:05 | Build | Palisade Wall |
| 12:15 | Build | Palisade Wall |
| 12:16 | Build | Palisade Wall |
| 12:21 | Queue | Villager (Male) |
| 13:14 | Build | House |
| 13:16 | Build | Stable |
| 13:17 | Research | Horse Collar |
| 13:20 | Research | Wheelbarrow |
| 13:31 | Queue | Villager (Male) |
| 13:38 | Build | Farm |
| 14:10 | Build | House |
| 14:13 | Build | Watch Tower |
| 14:21 | Queue | Villager (Male) |
| 14:45 | Build | Watch Tower |
| 14:56 | Queue | Scout Cavalry |
| 14:58 | Build | Farm |
| 14:59 | Queue | Scout Cavalry |
| 15:22 | Build | House |
| 15:37 | Build | Outpost |
| 15:38 | Queue | Scout Cavalry |
| 15:40 | Build | Stable |
| 15:43 | Queue | Villager (Male) |
| 15:55 | Build | Lumber Camp |
| 15:59 | Build | House |
| 16:02 | Queue | Scout Cavalry |
| 16:12 | Queue | Villager (Male) |
| 16:13 | Queue | Scout Cavalry |
| 16:15 | Queue | Scout Cavalry |
| 16:26 | Queue | Scout Cavalry |
| 16:53 | Queue | Scout Cavalry |
| 16:56 | Build | House |
| 16:59 | Build | Mining Camp |
| 17:04 | Build | House |
| 17:15 | Build | Blacksmith |
| 17:17 | Queue | Villager (Male) |
| 17:19 | Queue | Scout Cavalry |
| 17:35 | Build | House |
| 17:39 | Queue | Villager (Male) |
| 18:02 | Build | House |
| 18:08 | Build | Farm |
| 18:10 | Build | Farm |
| 18:12 | Build | Farm |
| 18:13 | Build | Farm |
| 18:27 | Build | Watch Tower |
| 18:29 | Build | Stone Wall |
| 18:29 | Queue | Villager (Male) |
| 18:34 | Build | Farm |
| 18:51 | Build | Farm |
| 18:52 | Build | Farm |
| 18:53 | Build | Farm |
| 18:53 | Build | Farm |
| 18:53 | Build | Farm |
| 19:01 | Queue | Skirmisher |
| 19:11 | Queue | Villager (Male) |
| 19:12 | Queue | Villager (Male) |
| 19:40 | Queue | Villager (Male) |
| 19:51 | Build | Outpost |
| 19:54 | Build | Outpost |
| 19:57 | Queue | Villager (Male) |
| 20:13 | Queue | Scout Cavalry |
| 20:29 | Build | Outpost |
| 20:31 | Build | House |
| 20:32 | Queue | Villager (Male) |
| 20:32 | Queue | Villager (Male) |
| 20:36 | Build | Mill |
| 20:44 | Queue | Skirmisher |
| 20:51 | Build | House |
| 20:59 | Queue | Villager (Male) |
| 21:14 | Queue | Villager (Male) |
| 21:18 | Queue | Villager (Male) |
| 21:48 | Queue | Scout Cavalry |
| 21:51 | Build | Farm |
| 21:51 | Build | Farm |
| 21:55 | Build | Lumber Camp |
| 21:57 | Build | Farm |
| 21:59 | Build | Farm |
| 22:00 | Build | Farm |
| 22:00 | Build | Farm |
| 22:08 | Build | Outpost |
| 22:13 | Build | Outpost |
| 22:16 | Queue | Scout Cavalry |
| 22:23 | Build | Mining Camp |
| 22:35 | Queue | Villager (Male) |
| 22:39 | Build | House |
| 22:54 | Queue | Villager (Male) |
| 22:57 | Build | House |
| 23:00 | Queue | Villager (Male) |
| 23:05 | Build | Farm |
| 23:06 | Build | Mill |
| 23:09 | Build | Market |
| 23:10 | Build | House |
| 23:18 | Build | Farm |
| 23:21 | Queue | Villager (Male) |
| 23:37 | Build | Mining Camp |
| 24:04 | Queue | Villager (Male) |
| 24:17 | Build | Outpost |
| 24:28 | Queue | Villager (Male) |
| 24:29 | Queue | Scout Cavalry |
| 24:34 | Research | Bloodlines |
| 24:35 | Queue | Scout Cavalry |
| 24:35 | Queue | Scout Cavalry |
Match timeline
| 4:12 | gummi [Coleman] · wall_segment Palisade Wall x4 |
| 4:18 | gummi [Coleman] · wall_segment Palisade Wall x2 |
| 4:20 | gummi [Coleman] · wall_segment Palisade Wall x4 |
| 4:22 | gummi [Coleman] · wall_segment Palisade Wall x8 |
| 4:34 | erikolu · first_building Barracks |
| 4:37 | erikolu · wall_segment Palisade Wall x3 |
| 5:33 | gummi [Coleman] · wall_segment Palisade Wall x1 |
| 5:39 | gummi [Coleman] · wall_segment Palisade Wall x1 |
| 5:45 | gummi [Coleman] · wall_segment Palisade Wall x3 |
| 6:11 | gummi [Coleman] · wall_segment Palisade Wall x1 |
| 10:26 | erikolu · age_up feudal |
| 10:49 | erikolu · first_building Archery Range |
| 11:02 | gummi [Coleman] · wall_segment Palisade Wall x4 |
| 11:20 | gummi [Coleman] · age_up feudal |
| 12:03 | erikolu · wall_segment Palisade Wall x1 |
| 12:05 | erikolu · wall_segment Palisade Wall x1 |
| 12:15 | erikolu · wall_segment Palisade Wall x1 |
| 12:16 | erikolu · wall_segment Palisade Wall x1 |
| 13:16 | erikolu · first_building Stable |
| 14:28 | gummi [Coleman] · first_market_sell 100 wood |
| 14:28 | gummi [Coleman] · first_market_buy 100 stone |
| 15:57 | gummi [Coleman] · age_up castle |
| 16:01 | gummi [Coleman] · first_building Monastery |
| 16:27 | gummi [Coleman] · wall_segment Palisade Wall x1 |
| 16:33 | gummi [Coleman] · wall_segment Palisade Wall x1 |
| 16:46 | gummi [Coleman] · first_building Barracks |
| 18:29 | erikolu · wall_segment Stone Wall x2 |
| 20:58 | gummi [Coleman] · first_building Siege Workshop |
| 24:32 | erikolu · first_market_sell 100 wood |
| 27:28 | erikolu · first_market_buy 100 food |
| 30:12 | erikolu · age_up castle |
| 30:40 | erikolu · first_building Castle |
| 31:35 | erikolu · first_building Monastery |
| 33:22 | erikolu · first_building Siege Workshop |
| 34:24 | gummi [Coleman] · first_building Castle |
| 35:33 | erikolu · wall_segment Stone Wall x3 |
| 37:07 | gummi [Coleman] · first_building Stable |
| 47:40 | gummi [Coleman] · age_up imperial |
| 50:32 | erikolu · age_up imperial |
| 57:06 | erikolu · wall_segment Stone Wall x8 |
| 58:52 | gummi [Coleman] · resign |
[ AI ANALYSIS · 1 CREDIT ]
What really happened in this match?
Wolo.gg analyzes every decision: build order, eco, micro, common mistakes by bracket. Personalized analysis on WhatsApp or Discord in 30 seconds.
Civ guide
Bengalis
Perfil
Jugador #260749